TOP OF THE 1ST |
New York Knights batting - Pitching for Boston Rebels : RHP Claudio Segura
|
Pitching: RHP Claudio Segura
|
|
Batting: RHB Robert Downing
|
0-0: Ball 1-0: Ground out 6-3 (Groundball, 56)
|
Batting: SHB Mark Wells
|
0-0: Ball 1-0: Called Strike 1-1: Ball 2-1: Ball 3-1: Ground out 1-3 (Groundball, 13S)
|
Batting: LHB Willie Wallace
|
0-0: Ball 1-0: Called Strike 1-1: Ball 2-1: Ball 3-1: Called Strike 3-2: Strikes out swinging
|
Top of the 1st over - 0 runs, 0 hits, 0 errors, 0 left on base; New York 0 - Boston 0 |
BOTTOM OF THE 1ST |
Boston Rebels batting - Pitching for New York Knights : RHP Fernando Valdés
|
Pitching: RHP Fernando Valdés
|
|
Batting: LHB Paco Córdova
|
0-0: Ball 1-0: Foul Ball, location: 2F 1-1: Ball 2-1: Ground out 5-3 (Groundball, 56S)
|
Batting: RHB Ken McDonald
|
0-0: Called Strike 0-1: Ground out 5-3 (Groundball, 56)
|
Batting: LHB Frank Jackson
|
0-0: Called Strike 0-1: Ball 1-1: Ball 2-1: Ground out 6-3 (Groundball, 6)
|
Bottom of the 1st over - 0 runs, 0 hits, 0 errors, 0 left on base; New York 0 - Boston 0 |
TOP OF THE 2ND |
New York Knights batting - Pitching for Boston Rebels : RHP Claudio Segura
|
Batting: RHB Gerald Miller
|
0-0: Called Strike 0-1: Foul Ball, location: 2F 0-2: SINGLE (Groundball, 4D)
|
Batting: LHB Doug Thompson
|
0-0: Ball 1-0: Fly out, F9 (Flyball, 9LD)
|
Batting: RHB Jackson Gibson
|
0-0: Called Strike 0-1: Ball 1-1: Swinging Strike 1-2: Fly out, F8 (Flyball, 8LD)
|
Batting: LHB Nicholas Alston
|
0-0: Called Strike 0-1: Ball 1-1: Foul Ball, location: 2F 1-2: Ball 2-2: DOUBLE (Flyball, 89XD) Gerald Miller to third
|
Batting: RHB Jason Blair
|
0-0: Called Strike 0-1: Fly out, F9 (Flyball, 9LS)
|
Top of the 2nd over - 0 runs, 2 hits, 0 errors, 2 left on base; New York 0 - Boston 0 |
BOTTOM OF THE 2ND |
Boston Rebels batting - Pitching for New York Knights : RHP Fernando Valdés
|
Batting: RHB Tony Long
|
0-0: DOUBLE (Line Drive, 78D)
|
Batting: LHB Gabriel Aragón
|
0-0: Ball 1-0: Foul Ball, location: 2F 1-1: DOUBLE (Line Drive, 9D) Tony Long scores
|
Batting: LHB Ricardo Brandariz
|
0-0: Foul Ball, location: 2F 0-1: Ball 1-1: Ball 2-1: Foul Ball, location: 2F 2-2: Foul Ball, location: 2F 2-2: Fly out, F7 (Line Drive, 7S)
|
Batting: RHB Randy Simons
|
0-0: DOUBLE (Line Drive, 78D) Gabriel Aragón scores
|
Batting: RHB Yaichiro Sugahara
|
0-0: Called Strike 0-1: Foul Ball, location: 2F 0-2: Strikes out looking
|
Batting: RHB David Rodríguez
|
0-0: Called Strike 0-1: Called Strike 0-2: Ball 1-2: Ball 2-2: Ball 3-2: Foul Ball, location: 2F 3-2: Foul Ball, location: 2F 3-2: SINGLE (Line Drive, 3) Randy Simons to third Randy Simons scores
|
Batting: LHB Paco Córdova
|
0-0: Ball 1-0: Ball 2-0: Ball 3-0: Base on Balls David Rodríguez to second
|
Batting: RHB Ken McDonald
|
0-0: Called Strike 0-1: Ball 1-1: Ball 2-1: Fielders Choice at 2nd, 5-4 (Groundball, 56)
|
Bottom of the 2nd over - 3 runs, 4 hits, 0 errors, 2 left on base; New York 0 - Boston 3 |
TOP OF THE 3RD |
New York Knights batting - Pitching for Boston Rebels : RHP Claudio Segura
|
Batting: LHB Sixto Cortés
|
0-0: Ball 1-0: Called Strike 1-1: Ball 2-1: SINGLE (Groundball, 4) (infield hit)
|
Batting: RHB Robert Downing
|
0-0: Ball 1-0: Reached on error, E5 (Groundball, 56) Sixto Cortés to second
|
Batting: SHB Mark Wells
|
0-0: Ball 1-0: Grounds out, U3 (Groundball, 3L) Sixto Cortés to third
|
Batting: LHB Willie Wallace
|
0-0: Ground out 4-3 (Groundball, 4) Sixto Cortés scores Robert Downing to third
|
Batting: RHB Gerald Miller
|
0-0: Foul Ball, location: 2F 0-1: Ball 1-1: Foul Ball, location: 2F 1-2: Ball 2-2: Strikes out swinging
|
Top of the 3rd over - 1 run, 1 hit, 1 error, 1 left on base; New York 1 - Boston 3 |
BOTTOM OF THE 3RD |
Boston Rebels batting - Pitching for New York Knights : RHP Fernando Valdés
|
Batting: LHB Frank Jackson
|
0-0: Ball 1-0: Ball 2-0: Called Strike 2-1: Ground out 5-3 (Groundball, 5S)
|
Batting: RHB Tony Long
|
0-0: Swinging Strike 0-1: Foul Ball, location: 2F 0-2: Foul Ball, location: 2F 0-2: Hit by Pitch
|
Batting: LHB Gabriel Aragón
|
0-0: Ball 1-0: Ball 2-0: Ball 3-0: Base on Balls Tony Long to second
|
Batting: LHB Ricardo Brandariz
|
0-0: Ball 1-0: Called Strike 1-1: Foul Ball, location: 2F 1-2: Ball 2-2: Ball 3-2: Base on Balls Tony Long to third Gabriel Aragón to second
|
Batting: RHB Randy Simons
|
0-0: Swinging Strike 0-1: Foul Ball, location: 2F 0-2: Ball 1-2: Strikes out swinging
|
Batting: RHB Yaichiro Sugahara
|
0-0: Called Strike 0-1: Ball 1-1: Ball 2-1: Fly out, F9 (Flyball, 9LSF)
|
Bottom of the 3rd over - 0 runs, 0 hits, 0 errors, 3 left on base; New York 1 - Boston 3 |
TOP OF THE 4TH |
New York Knights batting - Pitching for Boston Rebels : RHP Claudio Segura
|
Batting: LHB Doug Thompson
|
0-0: Swinging Strike 0-1: Ball 1-1: Ball 2-1: DOUBLE (Flyball, 78D)
|
Batting: RHB Jackson Gibson
|
0-0: Ball 1-0: Ball 2-0: Ball 3-0: Called Strike 3-1: SINGLE (Line Drive, 56) Doug Thompson to third Runner from 3rd tries for Home, SAFE, no throw
|
Batting: LHB Nicholas Alston
|
0-0: Ball 1-0: Swinging Strike 1-1: Ball 2-1: Swinging Strike 2-2: SINGLE (Groundball, 56D) Jackson Gibson to second
|
Batting: RHB Jason Blair
|
0-0: Swinging Strike 0-1: Ball 1-1: Foul Ball, location: 2F 1-2: Foul Ball, location: 2F 1-2: Fly out, F7 (Flyball, 78D)
|
Batting: LHB Sixto Cortés
|
0-0: Ball 1-0: Ball 2-0: Foul Ball, location: 2F 2-1: Ball 3-1: Called Strike 3-2: Ground out 4-3 (Groundball, 4) Jackson Gibson to third Nicholas Alston to second
|
Batting: RHB Robert Downing
|
0-0: Called Strike 0-1: Swinging Strike 0-2: Foul Ball, location: 2F 0-2: Ground out 1-3 (Groundball, 13)
|
Top of the 4th over - 1 run, 3 hits, 0 errors, 2 left on base; New York 2 - Boston 3 |
BOTTOM OF THE 4TH |
Boston Rebels batting - Pitching for New York Knights : RHP Fernando Valdés
|
Batting: RHB David Rodríguez
|
0-0: Called Strike 0-1: Foul Ball, location: 2F 0-2: Ground out 1-3 (Groundball, 15S)
|
Batting: LHB Paco Córdova
|
0-0: Called Strike 0-1: Called Strike 0-2: Foul Ball, location: 2F 0-2: Foul Ball, location: 2F 0-2: Ball 1-2: SINGLE (Flyball, 8LM)
|
Batting: RHB Ken McDonald
|
0-0: Ball 1-0: Fly out, F3 (Popup, 23F)
|
Batting: LHB Frank Jackson
|
0-0: Called Strike 0-1: SINGLE (Groundball, 4MD) Paco Córdova to second
|
Batting: RHB Tony Long
|
0-0: Ball 1-0: Ball 2-0: Called Strike 2-1: Called Strike 2-2: Foul Ball, location: 2F 2-2: Fly out, F7 (Flyball, 7LMF)
|
Bottom of the 4th over - 0 runs, 2 hits, 0 errors, 2 left on base; New York 2 - Boston 3 |
TOP OF THE 5TH |
New York Knights batting - Pitching for Boston Rebels : RHP Claudio Segura
|
Batting: SHB Mark Wells
|
0-0: Ball 1-0: Ball 2-0: Swinging Strike 2-1: Foul Ball, location: 2F 2-2: Strikes out swinging
|
Batting: LHB Willie Wallace
|
0-0: Ball 1-0: Called Strike 1-1: Ground out 4-3 (Groundball, 4M)
|
Batting: RHB Gerald Miller
|
0-0: Ball 1-0: Ball 2-0: DOUBLE (Line Drive, 89D)
|
Batting: LHB Doug Thompson
|
0-0: Ball 1-0: Ground out 3-1 (Groundball, 2R)
|
Top of the 5th over - 0 runs, 1 hit, 0 errors, 1 left on base; New York 2 - Boston 3 |
BOTTOM OF THE 5TH |
Boston Rebels batting - Pitching for New York Knights : RHP Fernando Valdés
|
Batting: LHB Gabriel Aragón
|
0-0: Ball 1-0: Ground out 4-3 (Groundball, 4)
|
Batting: LHB Ricardo Brandariz
|
0-0: Ball 1-0: SOLO HOME RUN (Flyball, 9LD), Distance : 334 ft
|
Batting: RHB Randy Simons
|
0-0: Fly out, F8 (Flyball, 8LD)
|
Batting: RHB Yaichiro Sugahara
|
0-0: Ball 1-0: Foul Ball, location: 2F 1-1: SOLO HOME RUN (Flyball, 9LD), Distance : 310 ft
|
Batting: RHB David Rodríguez
|
0-0: Ball 1-0: Foul Ball, location: 2F 1-1: Called Strike 1-2: Ball 2-2: Foul Ball, location: 2F 2-2: Ball 3-2: Ground out 3-1 (Groundball, 34)
|
Bottom of the 5th over - 2 runs, 2 hits, 0 errors, 0 left on base; New York 2 - Boston 5 |
TOP OF THE 6TH |
New York Knights batting - Pitching for Boston Rebels : RHP Claudio Segura
|
Pitching: RHP Terry Fields
|
|
Batting: RHB Jackson Gibson
|
0-0: Ball 1-0: SINGLE (Line Drive, 13)
|
Batting: LHB Nicholas Alston
|
0-0: Called Strike Jackson Gibson is caught stealing 2nd base 0-1: Ball 1-1: Ball 2-1: Swinging Strike 2-2: Strikes out swinging
|
Batting: RHB Jason Blair
|
0-0: Ground out 4-3 (Groundball, 4M)
|
Top of the 6th over - 0 runs, 1 hit, 0 errors, 0 left on base; New York 2 - Boston 5 |
BOTTOM OF THE 6TH |
Boston Rebels batting - Pitching for New York Knights : RHP Fernando Valdés
|
Pitching: RHP Jeff Davis
|
|
Batting: LHB Paco Córdova
|
0-0: Ball 1-0: Swinging Strike 1-1: Ball 2-1: Called Strike 2-2: Ball 3-2: Foul Ball, location: 2F 3-2: Foul Ball, location: 2F 3-2: SINGLE (Groundball, 6D)
|
Batting: RHB Ken McDonald
|
0-0: Swinging Strike 0-1: Ball 1-1: Called Strike 1-2: Grounds into double play, 6-4-3 (Groundball, 6)
|
Batting: LHB Frank Jackson
|
0-0: Ball 1-0: Foul Ball, location: 2F 1-1: Foul Ball, location: 2F 1-2: Fly out, F7 (Line Drive, 7)
|
Bottom of the 6th over - 0 runs, 1 hit, 0 errors, 0 left on base; New York 2 - Boston 5 |
TOP OF THE 7TH |
New York Knights batting - Pitching for Boston Rebels : RHP Terry Fields
|
Batting: LHB Sixto Cortés
|
0-0: Called Strike 0-1: Called Strike 0-2: Strikes out swinging
|
Batting: RHB Robert Downing
|
0-0: Foul Ball, location: 2F 0-1: Called Strike 0-2: Strikes out swinging
|
Batting: SHB Mark Wells
|
0-0: Ball 1-0: Foul Ball, location: 2F 1-1: Swinging Strike 1-2: Foul Ball, location: 2F 1-2: Ball 2-2: SINGLE (Flyball, 89S) - OUT at second base trying to stretch hit.
|
Top of the 7th over - 0 runs, 1 hit, 0 errors, 0 left on base; New York 2 - Boston 5 |
BOTTOM OF THE 7TH |
Boston Rebels batting - Pitching for New York Knights : RHP Jeff Davis
|
Batting: RHB Tony Long
|
0-0: Ball 1-0: Called Strike 1-1: Foul Ball, location: 2F 1-2: Foul Ball, location: 2F 1-2: Ball 2-2: Ball 3-2: Base on Balls
|
Batting: LHB Gabriel Aragón
|
0-0: Ball 1-0: Ball 2-0: Fielders Choice at 2nd, 4-6 (Groundball, 4)
|
Batting: LHB Ricardo Brandariz
|
0-0: DOUBLE (Line Drive, 89M) Gabriel Aragón to third
|
Batting: RHB Randy Simons
|
0-0: Intentional Walk
|
Batting: RHB Yaichiro Sugahara
|
0-0: Fly out, F7 (Flyball, 7) Runner from 3rd tags up, SCORES, throw made
|
Batting: RHB David Rodríguez
|
0-0: Ball 1-0: Swinging Strike 1-1: Fly out, F9 (Flyball, 9S)
|
Bottom of the 7th over - 1 run, 1 hit, 0 errors, 2 left on base; New York 2 - Boston 6 |
TOP OF THE 8TH |
New York Knights batting - Pitching for Boston Rebels : RHP Terry Fields
|
Batting: LHB Willie Wallace
|
0-0: Called Strike 0-1: Hit by Pitch
|
Batting: RHB Gerald Miller
|
0-0: Ball 1-0: Ball 2-0: Called Strike 2-1: Foul Ball, location: 2F 2-2: Foul Ball, location: 2F 2-2: Ground out 4-3 (Groundball, 4S) Willie Wallace to second
|
Batting: LHB Doug Thompson
|
0-0: Ball 1-0: Ball 2-0: Foul Ball, location: 2F 2-1: Foul Ball, location: 2F 2-2: Ball 3-2: Ground out 6-3 (Groundball, 6S) Willie Wallace to third
|
Batting: RHB Jackson Gibson
|
0-0: Foul Ball, location: 2F 0-1: Ball 1-1: Ball Wild Pitch! Willie Wallace scores 2-1: Swinging Strike 2-2: Foul Ball, location: 2F 2-2: Ball 3-2: Foul Ball, location: 2F 3-2: Foul Ball, location: 2F 3-2: Strikes out swinging
|
Top of the 8th over - 1 run, 0 hits, 0 errors, 0 left on base; New York 3 - Boston 6 |
BOTTOM OF THE 8TH |
Boston Rebels batting - Pitching for New York Knights : RHP Jeff Davis
|
Batting: LHB Paco Córdova
|
0-0: Ball 1-0: Foul Ball, location: 2F 1-1: Called Strike 1-2: Fly out, F9 (Flyball, 89S)
|
Batting: RHB Ken McDonald
|
0-0: Swinging Strike 0-1: Ball 1-1: SINGLE (Groundball, 6D)
|
Batting: LHB Frank Jackson
|
Balk! Ken McDonald to second 0-0: Called Strike 0-1: Ball 1-1: Ground out 6-3 (Groundball, 6D)
|
Batting: RHB Tony Long
|
0-0: Called Strike 0-1: Ground out 4-3 (Groundball, 4)
|
Bottom of the 8th over - 0 runs, 1 hit, 0 errors, 1 left on base; New York 3 - Boston 6 |
TOP OF THE 9TH |
New York Knights batting - Pitching for Boston Rebels : RHP Terry Fields
|
Pitching: RHP Juan Álvarez
|
|
Batting: LHB Nicholas Alston
|
0-0: Foul Ball, location: 2F 0-1: Swinging Strike 0-2: Foul Ball, location: 2F 0-2: Ball 1-2: Strikes out looking
|
Batting: RHB Jason Blair
|
0-0: Called Strike 0-1: Ball 1-1: Ball 2-1: Ball 3-1: Ground out 4-3 (Groundball, 4M)
|
Batting: LHB Sixto Cortés
|
0-0: Ball 1-0: Ball 2-0: Swinging Strike 2-1: Swinging Strike 2-2: Foul Ball, location: 2F 2-2: Foul Ball, location: 2F 2-2: Strikes out looking
|
Top of the 9th over - 0 runs, 0 hits, 0 errors, 0 left on base; New York 3 - Boston 6 |
|